 Dungeon Crawl Stone Soup version 0.29-a0-819-g94b489e0ae (webtiles) character file.

Game seed: 13046654724376901047

1099 Garessta the Gusty (level 8, 39/39 HPs)
             Began as a Felid Air Elementalist on July 6, 2022.
             Was an Initiate of Gozag.
             Quit the game on level 7 of the Dungeon.
             The game lasted 00:24:50 (10670 turns).

Garessta the Gusty (Felid Air Elementalist)        Turns: 10670, Time: 00:24:51

Health: 39/39      AC:  2    Str: 10    XL:     8   Next: 10%
Magic:  18/18      EV: 18    Int: 20    God:    Gozag
Gold:   664        SH:  0    Dex: 17    Spells: 10/20 levels left
                                        Lives:  0   Deaths: 2

rFire   . . .      SeeInvis +     - Unarmed
rCold   . . .      Faith    .   (shield unavailable)
rNeg    . . .      Spirit   .   (body armour unavailable)
rPois   +          Reflect  .   (helmet unavailable)
rElec   .          Harm     .   (cloak unavailable)
rCorr   .          Rampage  .   (gloves unavailable)
Will    +....                   (boots unavailable)
Stlth   +++.......              (no amulet)
HPRegen 0.13/turn               d - ring of poison resistance
MPRegen 0.16/turn               y - +6 ring of strength

@: studying Unarmed Combat, quick
A: very small, claws 1, fangs 3, see invisible, speed 1, shaggy fur 2, stealthy
paws, no weapons or thrown items, no armour, multi-lived
a: Renounce Religion, Potion Petition, Call Merchant, Bribe Branch


You were on level 7 of the Dungeon.
You worshipped Gozag.
Gozag was pleased with you.
You visited 1 branch of the dungeon, and saw 7 of its levels.

You collected 718 gold pieces.
You paid 54 gold pieces to Gozag.

Inventory:

Jewellery
 d - a ring of poison resistance (left paw)
 t - a ring of ice
 y - a +6 ring of strength (right paw)
 A - a +4 ring of protection
Wands
 u - a wand of flame (19)
 w - a wand of digging (4)
 x - a wand of mindburst (9)
Scrolls
 b - a scroll of torment {unknown}
 c - 3 scrolls of vulnerability {unknown}
 f - 9 scrolls of identify {unknown}
 g - 3 scrolls of fog {unknown}
 h - 3 scrolls of immolation {unknown}
 i - 2 scrolls of enchant armour {unknown}
 l - 6 scrolls of teleportation {unknown}
 o - 2 scrolls of summoning {unknown}
 p - 2 scrolls of enchant weapon {unknown}
 v - a scroll of noise {unknown}
Potions
 a - 2 potions of magic
 e - a potion of cancellation {unknown}
 j - 2 potions of mutation {unknown}
 k - 3 potions of heal wounds {unknown}
 m - a potion of haste {unknown}
 n - a potion of ambrosia {unknown}
 q - a potion of brilliance {unknown}
 r - 2 potions of might {unknown}
 s - 2 potions of curing
 z - a potion of resistance {unknown}


   Skills:
 * Level 6.6 Fighting
 + Level 3.4 Dodging
 + Level 3.4 Stealth
 + Level 1.9 Unarmed Combat
 * Level 6.5 Spellcasting
 - Level 0.8 Conjurations
 * Level 6.8 Air Magic


You had 10 spell levels left.
You knew the following spells:

 Your Spells              Type           Power      Damage    Failure   Level
a - Shock                 Conj/Air       84%        1d8       1%          1
b - Static Discharge      Conj/Air       21%        3-6/arc   3%          2
c - Swiftness             Air            33%        N/A       1%          3
d - Airstrike             Air            16%        0-6+      6%          4

Your spell library contained the following spells:

 Spells                   Type           Power      Damage    Failure   Level
 Poisonous Vapours        Pois/Air       40%        N/A       3%          2
 Beastly Appendage        Tmut           12%        N/A       10%         1
 Freeze                   Ice            24%        1d5       10%         1
 Sting                    Tmut/Pois      24%        1d4       10%         1
 Wereblood                Tmut           6%         N/A       16%         2
 Frozen Ramparts          Ice            12%        1d3       30%         3
 Spider Form              Tmut/Pois      6%         N/A       30%         3
 Hailstorm                Conj/Ice       8%         3d4       63%         4
 Olgreb's Toxic Radiance  Pois           6%         N/A       69%         4
 Summon Forest            Summ/Tloc      3%         N/A       95%         5
 Eringya's Noxious Bog    Tmut/Pois      3%         N/A       100%        6
 Summon Hydra             Summ           3%         N/A       100%        7


Dungeon Overview and Level Annotations

Branches:
Dungeon (7/15)
 Temple: D:4-7

Altars:
Ashenzari
Elyvilon
Gozag
Hepliaklqana
Kikubaaqudgha
Nemelex Xobeh
Okawaru
Sif Muna
Vehumet
Wu Jian
Yredelemnul
Zin
The Shining One

Annotations:
D:7 Duvessa


Innate Abilities, Weirdness & Mutations

You have sharp claws.
You have razor-sharp teeth.
You have supernaturally acute eyesight. (SInv)
You cover ground quickly. (Speed+)
You are covered in thick fur. (AC +2)
Your paws help you pounce on unaware monsters.
You are incapable of wielding weapons or throwing items.
You cannot wear armour.
You gain extra lives every three experience levels.


Message History

The spell is quite dangerous to miscast (6% risk of failure)!
Continue anyway?
Aiming: Airstrike (quite dangerous; 6% risk of failure)
Press: ? - help, Dir - move target, f/p - Duvessa
Aim: Duvessa, wielding a +0 short sword, wearing a +0 chain mail and carrying a wand of flame (18) (moderately wounded, berserk, empty space bonus: 8/8)
You miscast Airstrike.
Nothing appears to happen.
You hear a shout!
Casting: Airstrike (quite dangerous; 6% risk of failure)
Confirm with . or Enter, or press ? or * to list all spells.
Duvessa is struck by an arc of lightning.
Duvessa is moderately wounded.
You are struck by an arc of lightning.
Duvessa is struck by an arc of lightning!
Duvessa is heavily wounded.
The lightning grounds out.
Duvessa barely misses you.
Aiming: Mindburst
Press: ? - help, Shift-Dir - straight line, f/p - Duvessa
Aim: Duvessa, wielding a +0 short sword, wearing a +0 chain mail and carrying a wand of flame (18) (heavily wounded, berserk, chance to affect: 47%) Duvessa resists with some effort.
Duvessa closely misses you. Duvessa hits you with a +0 short sword.
Aiming: Mindburst
Press: ? - help, Shift-Dir - straight line, f/p - Duvessa
Aim: Duvessa, wielding a +0 short sword, wearing a +0 chain mail and carrying a wand of flame (18) (heavily wounded, berserk, chance to affect: 47%) Duvessa's mind is blasted!
Duvessa hits you with a +0 short sword!
Aiming: Mindburst
Press: ? - help, Shift-Dir - straight line, f/p - Duvessa
Aim: Duvessa, wielding a +0 short sword, wearing a +0 chain mail and carrying a wand of flame (18) (severely wounded, berserk, chance to affect: 47%) Duvessa resists with some effort.
Duvessa hits you with a +0 short sword!!
* * * LOW HITPOINT WARNING * * *
Duvessa hits you with a +0 short sword.
* * * LOW HITPOINT WARNING * * *
Aiming: Mindburst
Press: ? - help, Shift-Dir - straight line, f/p - Duvessa
Aim: Duvessa, wielding a +0 short sword, wearing a +0 chain mail and carrying a wand of flame (18) (severely wounded, berserk, chance to affect: 47%) Duvessa's mind is blasted!
Duvessa hits you with a +0 short sword!
You die...
You are now level 8!
You rejoin the land of the living...
Found 6 stones.
Are you sure you want to abandon this character and quit the game? (Confirm with "yes".)

######
#.@..#
#......#
#.......#
#......##
.#.#....#
..#.##...#
..(.#
.....
......
.##..


There were no monsters in sight!

Vanquished Creatures
  Prince Ribbit (D:5)
  A black bear (D:6)
  An orc warrior (D:6)
  2 sky beasts (D:6)
  3 ogres
  2 ice beasts
  3 phantoms
  A scorpion (D:5)
  5 wights (D:7)
  Dowan (D:7)
  2 howler monkeys
  4 hounds
  3 orc priests
  2 iguanas
  3 orc wizards
  4 gnolls (D:3)
  8 adders
  2 shadow imps
  2 white imps
  An ufetubus (D:4)
  A dart slug (D:3)
  14 orcs
  5 bats
  7 endoplasms
  6 giant cockroaches
  6 goblins
  6 hobgoblins
  2 jackals (D:5)
  5 quokkas
  7 ball pythons
  4 frilled lizards (D:1)
  4 kobolds
  2 rats
  A spectral hobgoblin (D:3)
121 creatures vanquished.

Notes
Turn   | Place    | Note
-------+----------+-------------------------------------------
     0 | D:1      | Garessta the Felid Air Elementalist began the quest for the
                  | Orb.
     0 | D:1      | Reached XP level 1. HP: 7/7 MP: 4/4
   307 | D:1      | Reached XP level 2. HP: 12/12 MP: 1/6
   310 | D:1      | Learned a level 2 spell: Static Discharge
   433 | D:1      | Reached skill level 1 in Fighting
  1616 | D:2      | Reached XP level 3. HP: 15/15 MP: 1/7
  1758 | D:2      | Learned a level 3 spell: Swiftness
  2527 | D:3      | Found a glowing golden altar of the Shining One.
  2801 | D:3      | Found a faded altar of an unknown god.
  2947 | D:3      | Found an ancient bone altar of Kikubaaqudgha.
  3072 | D:3      | Reached XP level 4. HP: 11/19 MP: 0/9
  3853 | D:3      | Slain by a gnoll
  3854 | D:3      | Reached XP level 3. HP: 0/16 MP: 2/8
  3972 | D:3      | Found a basalt altar of Yredelemnul.
  4066 | D:3      | Noticed a phantom
  4070 | D:3      | Killed a phantom
  4071 | D:3      | Reached XP level 4. HP: 3/20 MP: 2/9
  4916 | D:3      | Reached XP level 5. HP: 20/24 MP: 3/11
  5283 | D:3      | Learned a level 4 spell: Airstrike
  5376 | D:4      | Noticed an ogre
  5390 | D:4      | Killed an ogre
  5458 | D:4      | Gained mutation: You are covered in thick fur. (AC +2)
                  | [Felid growth]
  5458 | D:4      | Reached XP level 6. HP: 28/28 MP: 8/12
  5667 | D:4      | Found an opulent altar of Gozag.
  5687 | D:4      | Became a worshipper of Gozag Ym Sagoz the Greedy
  6171 | D:5      | Entered Level 5 of the Dungeon
  6562 | D:4      | Reached XP level 7. HP: 16/32 MP: 7/14
  6770 | D:5      | Reached skill level 5 in Air Magic
  7164 | D:5      | Found a sparkling altar of Nemelex Xobeh.
  7671 | D:5      | Found an iron altar of Okawaru.
  7681 | D:5      | Identified the +5 hand axe of Leyghugh {holy, *Corrode
                  | Str+2 SInv}
  7950 | D:5      | Found a white marble altar of Elyvilon.
  8155 | D:5      | Noticed Prince Ribbit
  8258 | D:5      | Killed Prince Ribbit
  8259 | D:5      | Reached skill level 5 in Fighting
  8259 | D:5      | Reached skill level 5 in Spellcasting
  8464 | D:5      | Reached XP level 8. HP: 32/37 MP: 7/17
  8535 | D:5      | Found a glowing silver altar of Zin.
  8537 | D:5      | Found a radiant altar of Vehumet.
  8544 | D:5      | Found a shimmering blue altar of Sif Muna.
  9549 | D:6      | Found an ornate altar of the Wu Jian Council.
  9656 | D:6      | Found a hazy altar of Hepliaklqana.
 10119 | D:7      | Reached skill level 1 in Unarmed Combat
 10322 | D:6      | Reached XP level 9. HP: 31/42 MP: 12/19
 10402 | D:7      | Noticed Dowan
 10419 | D:7      | Noticed Duvessa
 10420 | D:7      | Killed Dowan
 10555 | D:7      | Found a broken altar of Ashenzari.
 10669 | D:7      | Slain by Duvessa
 10670 | D:7      | Reached XP level 8. HP: -3/39 MP: 1/18
 10670 | D:7      | Quit the game

Illustrated notes

Levels and vault maps discovered:
D:1:      saegor_arrival_under_anarchy, layout_loops_corners
D:2:      layout_basic, minivault_19
D:3:      layout_loops_corners, amcnicky_altar_gilded,
          mainiacjoe_overflow_boulevard, nicolae_kikubaaqudgha_miasma_corner,
          dreamdust_ecumenical_altar_drowned_temple, minmay_misc_feat_room,
          st_stairs_5, chequers_serial_rivers_room_b
D:4:      layout_cave_pools, mainiacjoe_overflow_concentric_impassable,
          minmay_manual_mail
D:5:      layout_basic, lemuel_doored_altar,
          mainiacjoe_overflow_surrounded_room, minmay_overflow_temple_star_quad,
          okawaru_ov_weapons_minmay, uniq_prince_ribbit1
D:6:      layout_gridville, nicolae_hepliaklqana_hippocampus,
          mainiacjoe_overflow_six_doors_small, nrook_pool_corridor
D:7:      layout_cave_pools, evilmike_ruin_ashenzari,
          minmay_temple_entry_stoned_glass, uniq_duvessa

Skill      XL: |  1  2  3  4  5  6  7  8 |
---------------+-------------------------+-----
Fighting       | 1 2 3 4 5 6 |  6.6
Air Magic      | 3 4 5 6 |  6.8
Spellcasting   | 3 4 5 6 |  6.5
Stealth        | 3 |  3.4
Dodging        | 3 |  3.4
Unarmed Combat | 1 |  1.9
Conjurations   | |  0.8

Action                   |  1- 3 |  4- 6 |  7- 9 || total
-------------------------+-------+-------+-------++-------
Melee: Unarmed           |     5 |     1 |       ||     6
 Cast: Shock             |   114 |    90 |   116 ||   320
       Static Discharge  |     8 |    22 |    27 ||    57
       Swiftness         |       |     1 |     2 ||     3
       Airstrike         |       |       |    24 ||    24
Evoke: Wand              |       |       |     4 ||     4
Armor: Skin              |       |     1 |     1 ||     2
Dodge: Dodged            |    14 |    35 |    39 ||    88

Table legend: (Time is in decaauts)
 A = Elapsed time spent in this place.
 B = Non-inter-level travel time spent in this place.
 C = Inter-level travel time spent in this place.
 D = Time resting spent in this place.
 E = Time spent auto-exploring this place.
 F = Levels seen in this place.
 G = Mean time per level.
                   A        B        C        D        E       F      G
               +--------+--------+--------+--------+--------+-----+--------+
         Total |   9802 |   9546 |    256 |   2208 |   6228 |   7 | 1400.3 |
       Dungeon |   9802 |   9546 |    256 |   2208 |   6228 |   7 | 1400.3 |
               +--------+--------+--------+--------+--------+-----+--------+

Top non-repeatable levels by time:
     D:3: 2687 daAuts
     D:6: 1572 daAuts
     D:4: 1515 daAuts
     D:5: 1475 daAuts
     D:1: 1302 daAuts
     D:2: 997 daAuts
     D:7: 253 daAuts
